 Dungeon Crawl Stone Soup version 0.16-a0-1982-g8124c91 (webtiles) character file.

30013 myeffort the Earth Mage (level 13, -1/94 HPs)
             Began as a Deep Dwarf Earth Elementalist on Nov 8, 2014.
             Was the Champion of Makhleb.
             Slain by an orc warrior
             ... wielding a +0 glaive
              (22 damage)
             ... on level 4 of the Orcish Mines.
             The game lasted 02:14:58 (18072 turns).

myeffort the Earth Mage (DDEE)                     Turns: 18072, Time: 02:14:58

Health: -1/94      AC: 10    Str: 11    XL:     13   Next: 18%
Magic:  37/37      EV: 17    Int: 21    God:    Makhleb [******]
Gold:   1744       SH:  7    Dex: 13    Spells: 5 memorised, 1 level left

rFire  + + .     SeeInvis .     a - +2 flail (crush)
rCold  + . .     Clarity  .     n - +0 steam dragon armour
rNeg   . . .     SustAb   .     r - +1 buckler
rPois  .         Gourm    .     Y - +0 helmet (curse)
rElec  .         Spirit   .     U - +2 cloak "Shravoiw" {+Inv +Fly rF+ rCorr}
rCorr  +         Warding  .     S - +0 pair of gloves of the Louse {rF+ Int-1}
rMut   .         Stasis   .     (no boots)
MR     +....                    (no amulet)
Stlth  ++........               K - ring of protection from cold
                                A - ring of magical power

@: non-regenerating, somewhat resistant to hostile enchantments, unstealthy
A: damage resistance, recharge devices, sense surroundings 2, slow healing 3
a: Device Recharging, Minor Destruction, Lesser Servant of Makhleb, Major
Destruction, Greater Servant of Makhleb, Renounce Religion, Evoke Invisibility,
Evoke Flight


You were on level 4 of the Orcish Mines.
You worshipped Makhleb.
Makhleb was exalted by your worship.
You were hungry.

You visited 4 branches of the dungeon, and saw 22 of its levels.
You also visited: Ossuary.

You collected 2330 gold pieces.
You spent 586 gold pieces at shops.

Inventory:

Hand weapons
 a - a +2 flail of crushing (weapon)
Missiles
 b - 186 stones (quivered)
Armour
 n - a +0 steam dragon armour (worn)
 r - a +1 buckler (worn)
 S - the +0 pair of gloves of the Louse (worn) {rF+ Int-1}
   (You bought it in a shop on level 1 of the Orcish Mines)

   It affects your intelligence (-1).
   It protects you from fire.
 U - the +2 cloak "Shravoiw" (worn) {+Inv +Fly rF+ rCorr}
   (You bought it in a shop on level 1 of the Orcish Mines)

   It protects you from fire.
   It lets you turn invisible.
   It lets you fly.
   It protects you from acid and corrosion.
 Y - a cursed +0 helmet (worn)
Jewellery
 j - an uncursed ring of ice
 y - an uncursed ring of positive energy
 A - a ring of magical power (left hand)
 B - an uncursed ring of poison resistance
 D - a cursed ring of fire
 K - a ring of protection from cold (right hand)
Magical devices
 e - a wand of heal wounds (0)
 l - a wand of disintegration (0)
 p - a wand of paralysis (11)
 E - a wand of polymorph (9)
 J - a wand of lightning (0)
 L - a wand of disintegration (2)
 O - a wand of paralysis (5)
 V - a wand of confusion (20)
Scrolls
 g - 6 scrolls of identify
 h - 2 scrolls of remove curse
 o - 3 scrolls of teleportation
 q - 6 scrolls of recharging
 s - 3 scrolls of vulnerability {unknown}
 u - a scroll of blinking
 C - 2 scrolls of fear
 G - a scroll of magic mapping
 H - a scroll of amnesia {unknown}
Potions
 c - 3 potions of curing
 k - 2 potions of haste
 m - 2 potions of mutation {unknown}
 t - 3 potions of brilliance
 v - a potion of cure mutation
 x - a potion of confusion {unknown}
 I - 4 potions of restore abilities
 Q - 3 potions of flight {unknown}
 T - a potion of resistance {unknown}
 Z - a potion of berserk rage
Books
 d - a book of Geomancy

   Spells                             Type                      Level
   *Sandblast                         Earth                        1
   *Stoneskin                         Transmutation/Earth          2
   Passwall                           Transmutation/Earth          3
   *Stone Arrow                       Conjuration/Earth            3
   *Petrify                           Transmutation/Earth          4
   *Lee's Rapid Deconstruction        Earth                        5
 N - a book of Summonings

   Spells                             Type                      Level
   Abjuration                         Summoning                    3
   Recall                             Summoning/Translocation      3
   Shadow Creatures                   Summoning                    5
   Summon Demon                       Summoning                    5
   Summon Forest                      Summoning/Translocation      5
   Monstrous Menagerie                Summoning                    6
 R - a book of Wizardry

   Spells                             Type                      Level
   Agony                              Necromancy                   5
   Force Lance                        Conjuration                  5
   Dispersal                          Translocation                6
   Haste                              Charms                       6
   Invisibility                       Hexes                        6
   Spellforged Servitor               Conjuration/Summoning        7
Miscellaneous
 P - a crystal ball of energy
 X - a phial of floods (inert, charging)
Comestibles
 f - 7 bread rations
 i - 4 chunks of flesh
 F - 7 slices of pizza


   Skills:
 - Level 10.0 Maces & Flails
 + Level 9.4 Dodging
 - Level 2.5 Stealth
 + Level 10.5 Shields
 - Level 2.0 Spellcasting
 - Level 0.8 Transmutations
 - Level 15.0 Earth Magic
 + Level 7.6 Invocations
 + Level 12.6 Evocations


You had one spell level left.
You knew the following spells:

 Your Spells              Type           Power        Failure   Level  Hunger
a - Sandblast             Erth           ######       1%          1    #......
b - Stone Arrow           Conj/Erth      ####..       1%          3    ###....
c - Lee's Rapid Deconstr  Erth           ######....   1%          5    ######.
d - Petrify               Trmt/Erth      #####...     8%          4    #####..
e - Stoneskin             Trmt/Erth      #####...     1%          2    ##.....


Dungeon Overview and Level Annotations

Branches:
Dungeon (12/15)            Temple (1/1) D:4            Lair (5/8) D:10
  Snake (0/5) Lair:3          Orc (4/4) D:9             Elf (0/3) Orc:3
  Swamp: Lair:3-6    Shoals: Lair:3-6

Altars:
Ashenzari
Cheibriados
Dithmenos
Elyvilon
Fedhas
Kikubaaqudgha
Makhleb
Okawaru
Qazlal
Ru
Sif Muna
Trog
Vehumet
Xom
Yredelemnul
The Shining One

Shops:
D:6 (   Orc:1 [   Orc:2 *

Annotations:
Lair:1 exclusion: oklob plant
Lair:2 2 exclusions


Innate Abilities, Weirdness & Mutations

You are resistant to damage.
You can recharge devices by infusing magical energy.
You passively map the area around you.
You do not heal naturally.


Message History

The sixfirhy hits your green death! The sixfirhy shocks your green death!
Your neqoxec gestures at the orc warlord.
The orc warlord resists with almost no effort.
Your green death hits the orc warlord but does no damage.
The orc priest calls upon Beogh to heal the orc knight.
The orc knight is healed somewhat.
Your quasit bites the orc knight but does no damage.
Your quasit closely misses the orc knight.
Your quasit claws the orc knight but does no damage.
The orc knight roars a battlecry!
The orc warrior goes into a battle-frenzy!
The orc knight hits your green death with a dire flail!
Your green death dies!
Something barely misses your neqoxec. The orc zombie barely misses you.
Something barely misses your quasit.
The orc high priest utters an invocation to Beogh.
Your quasit is smitten.
Your quasit dies!
The orc warrior hits you from afar with a glaive!!
You die...

.##............#
<..............###
........#.)).....#
......###...)....# ...##.#
##.......# ..#####
##......)#### ..3####
#...........#
....#.####.........####
.).....#........@.o(#.##
................#Zo44..##
..............#####o.Z..###
............<## #..ooo(...#
#.#....####### ###o(.o.###
#####..# #..Zoo[...#
#.##...# #.o4.3Z...#
.##....# * #.)ooooo..# *
.......#* , , * #..o...4o.#
*, ,


You could see an orc knight, an orc high priest (frenzied), a hellwing, a
sixfirhy, 3 orc warriors, an orc priest, an orc zombie and an orc zombie.

Vanquished Creatures
  Rupert (Lair:3)
  Fannar (D:10)
  2 hydras
  Erica (D:10)
  Nergalle (Lair:2)
  2 hill giants
  An ice statue (Orc:4)
  Pikel (D:7)
  2 cyclopes
  The ghost of timbw the Caller, an experienced HuSu (D:7)
  A torpor snail (Lair:4)
  2 black mambas
  6 spiny frogs
  A gargoyle (D:10)
  2 fire drakes
  2 deep elf priests (D:10)
  A troll (Orc:3)
  Sonja (D:10)
  3 komodo dragons
  2 ravens
  4 blink frogs (Lair:4)
  A wraith (D:10)
  A catoblepas skeleton (D:11)
  8 yaks
  A deep elf mage (D:12)
  A basilisk (Lair:4)
  A wyvern (D:12)
  A human (D:9)
  Eustachio (D:6)
  A deep elf fighter (D:10)
  A steam dragon (D:12)
  Grum (D:8)
  4 hippogriffs
  3 wargs
  The ghost of timbw the Caller, an average HuSu (D:5)
  Edmund (Orc:1)
  16 wolves
  14 orc warriors
  8 water moccasins
  4 ice beasts
  A yellow wasp (D:7)
  A sky beast (D:10)
  3 porcupines
  7 ogres
  A big kobold (D:11)
  A centaur (D:10)
  5 giant frogs
  3 elf zombies (Ossuary)
  4 crocodiles
  A gnoll sergeant (D:9)
  Blork the orc (Orc:1)
  A jelly (D:5)
  18 killer bees
  A cyclops skeleton (D:10)
  2 scorpions
  A yak zombie (D:11)
  A yak skeleton (D:8)
  2 vampire bats (Orc:2)
  4 wights (D:10)
  4 crimson imps
  A goliath beetle (D:8)
  5 centaur zombies (Ossuary)
  2 human zombies (Ossuary)
  8 hounds
  13 orc priests
  34 orc wizards
  2 iguanas
  9 worker ants
  A mottled dragon zombie (D:10)
  4 sheep (D:9)
  4 mummies
  16 green rats
  15 adders
  11 gnolls
  3 shadow imps
  2 giant mites
  2 worms (D:3)
  An orc zombie (D:10)
  5 giant geckos
  2 oozes
  119 orcs
  4 ball pythons
  30 bats
  A bat skeleton (D:8)
  9 giant cockroaches
  14 hobgoblins
  21 jackals
  18 kobolds
  9 giant newts
  16 goblins
  A goblin zombie (D:5)
  A hobgoblin skeleton (D:5)
  8 quokkas
  A quokka zombie (D:8)
  18 rats
  A rat skeleton (D:4)
  A rat zombie (D:8)
  17 ballistomycetes (D:11)
598 creatures vanquished.

Vanquished Creatures (collateral kills)
  The ghost of hackum the Fighter, a powerful FoFi of Okawaru (Orc:1)
  2 orc knights
  An orc sorcerer (Orc:4)
  4 orc warriors (Orc:4)
  2 orc priests (Orc:4)
  2 orc wizards (Orc:4)
  An ufetubus (Orc:4)
  6 orcs
19 creatures vanquished.

Vanquished Creatures (others)
  A green death (Orc:4)
  2 hellwings
  3 ynoxinuls
  A neqoxec (Orc:4)
  A slave (D:7)
  A crimson imp (Orc:4)
  A quasit (Orc:4)
  A shadow imp (Orc:4)
  A white imp (D:7)
  18 ufetubi
  A bat skeleton (D:7)
  A hobgoblin (D:7)
  A giant spore (D:11)
  A goblin (D:7)
34 creatures vanquished.

Grand Total: 651 creatures vanquished

Notes
Turn   | Place    | Note
--------------------------------------------------------------
     0 | D:1      | myeffort, the Deep Dwarf Earth Elementalist, began the quest for the Orb.
     0 | D:1      | Reached XP level 1. HP: 15/15 MP: 2/2
    60 | D:1      | Reached XP level 2. HP: 22/22 MP: 0/3
   289 | D:1      | Reached skill level 5 in Earth Magic
   520 | D:1      | Reached XP level 3. HP: 15/28 MP: 3/6
  1371 | D:2      | Learned a level 2 spell: Stoneskin
  1395 | D:2      | Reached skill level 1 in Shields
  1556 | D:3      | Reached XP level 4. HP: 10/36 MP: 3/7
  1637 | D:3      | Reached skill level 6 in Earth Magic
  1967 | D:3      | Found a sacrificial altar of Ru.
  2106 | D:3      | Reached XP level 5. HP: 15/42 MP: 6/9
  2190 | D:3      | Learned a level 3 spell: Stone Arrow
  2231 | D:3      | Reached skill level 1 in Evocations
  2666 | D:4      | Found an ancient bone altar of Kikubaaqudgha.
  2671 | D:4      | Found a stormy altar of Qazlal.
  2673 | D:4      | Found a snail-covered altar of Cheibriados.
  2677 | D:4      | Found a basalt altar of Yredelemnul.
  2748 | D:4      | Found a staircase to the Ecumenical Temple.
  2757 | Temple   | Entered the Ecumenical Temple
  2794 | Temple   | Became a worshipper of Makhleb the Destroyer
  2988 | D:4      | Reached XP level 6. HP: 26/49 MP: 10/10
  3169 | D:5      | Entered Level 5 of the Dungeon
  3412 | D:5      | Acquired Makhleb's first power
  3571 | D:5      | Noticed timbw's ghost (average HuSu)
  3581 | D:5      | Killed timbw's ghost
  3581 | D:5      | Reached skill level 7 in Earth Magic
  3664 | D:5      | Reached skill level 5 in Shields
  3664 | D:5      | Reached XP level 7. HP: 31/55 MP: 12/12
  3864 | D:5      | Reached skill level 1 in Maces & Flails
  4043 | D:5      | Reached skill level 5 in Evocations
  4085 | D:5      | Acquired Makhleb's second power
  4192 | D:6      | Reached skill level 8 in Earth Magic
  4205 | D:6      | You fall through a shaft!
  4205 | D:7      | Noticed Pikel
  4217 | D:7      | Killed Pikel
  4217 | D:7      | Reached skill level 9 in Earth Magic
  4217 | D:7      | Reached XP level 8. HP: 62/62 MP: 13/14
  4318 | D:7      | Noticed a hill giant
  4397 | D:7      | Found a shadowy altar of Dithmenos.
  4691 | D:7      | Noticed timbw's ghost (experienced HuSu)
  4704 | D:7      | Killed timbw's ghost
  4704 | D:7      | Reached skill level 5 in Maces & Flails
  4704 | D:7      | Reached skill level 10 in Earth Magic
  4872 | D:7      | Killed a hill giant
  4872 | D:7      | Reached skill level 11 in Earth Magic
  4872 | D:7      | Gained mutation: You passively map the area around you. [level up]
  4872 | D:7      | Reached XP level 9. HP: 68/68 MP: 16/16
  5337 | D:6      | Acquired Makhleb's third power
  5354 | D:6      | Found Kim Irag's Antique Weapon Emporium.
  5365 | D:6      | Noticed Eustachio
  5371 | D:6      | Killed Eustachio
  5765 | D:6      | Found a shimmering altar of Xom.
  5927 | D:8      | Found a sand-covered staircase.
  5934 | Ossuary  | Entered an ossuary
  5959 | Ossuary  | Reached skill level 12 in Earth Magic
  6266 | D:8      | Acquired Makhleb's fourth power
  6645 | D:8      | Reached skill level 13 in Earth Magic
  6663 | D:8      | Reached XP level 10. HP: 43/75 MP: 21/21
  6834 | D:8      | Noticed Grum
  6841 | D:8      | Killed Grum
  7029 | D:9      | Found a staircase to the Orcish Mines.
  7356 | D:9      | Reached skill level 14 in Earth Magic
  7374 | D:9      | Acquired Makhleb's fifth power
  7816 | Orc:1    | Entered Level 1 of the Orcish Mines
  7818 | Orc:1    | Noticed Edmund
  7819 | Orc:1    | Noticed hackum's ghost (powerful FoFi)
  7858 | D:10     | Entered Level 10 of the Dungeon
  7858 | D:10     | Noticed Sonja
  7992 | D:10     | Noticed Fannar
  8156 | D:10     | Killed Sonja
  8206 | D:10     | Found a staircase to the Lair.
  8210 | D:10     | Reached skill level 15 in Earth Magic
  8219 | D:10     | Learned a level 5 spell: Lee's Rapid Deconstruction
  8238 | Lair:1   | Entered Level 1 of the Lair of Beasts
  8463 | Lair:1   | Noticed an oklob plant
  8474 | Lair:1   | Noticed a black mamba
  8480 | Lair:1   | Killed a black mamba
  8918 | Lair:1   | Reached XP level 11. HP: 75/81 MP: 22/22
  9524 | Lair:2   | Reached skill level 5 in Dodging
 10064 | Lair:2   | HP: 1/81 [fire drake/blast of flame (20)]
 10400 | Lair:2   | Noticed Nergalle
 10460 | D:10     | Noticed Erica
 10465 | D:10     | Killed Erica
 10682 | D:10     | Found a deep blue altar of Sif Muna.
 10771 | D:10     | Noticed a cyclops
 10772 | D:10     | Killed Fannar
 10780 | D:10     | Killed a cyclops
 10780 | D:10     | Reached skill level 10 in Maces & Flails
 11543 | D:11     | Reached skill level 10 in Evocations
 11550 | D:11     | Noticed a hill giant
 11981 | D:11     | Reached XP level 12. HP: 74/88 MP: 25/25
 11990 | D:11     | Reached skill level 1 in Invocations
 12081 | D:11     | Killed a hill giant
 12513 | Orc:1    | Found a radiant altar of Vehumet.
 12736 | Lair:2   | Killed Nergalle
 13035 | Lair:3   | Noticed a seven-headed hydra
 13150 | Lair:3   | Killed a seven-headed hydra
 13332 | Lair:3   | Noticed Rupert
 13395 | Lair:3   | Killed Rupert
 13408 | Lair:3   | Found a staircase to the Snake Pit.
 13735 | Lair:4   | Reached skill level 5 in Invocations
 14662 | Lair:4   | Noticed a four-headed hydra
 14670 | Lair:4   | Killed a four-headed hydra
 14670 | Lair:4   | Reached skill level 10 in Shields
 14720 | Lair:5   | Noticed a five-headed hydra
 14736 | Lair:4   | Learned a level 4 spell: Petrify
 14941 | Orc:1    | Killed hackum's ghost
 14948 | Orc:1    | Killed Edmund
 15271 | Orc:2    | Found Gips' General Store.
 16121 | Orc:1    | Found Smaczadi's Antique Armour Shoppe.
 16129 | Orc:1    | Reached XP level 13. HP: 94/94 MP: 28/28
 16131 | Orc:1    | Bought a pair of brightly glowing gloves for 237 gold pieces
 16131 | Orc:1    | Bought an encrusted cloak for 237 gold pieces
 16142 | Orc:1    | Identified the +2 cloak "Shravoiw" {+Inv +Fly rF+ rCorr} (You bought it in a shop on level 1 of the Orcish Mines)
 16153 | Orc:1    | Identified the +0 pair of gloves of the Louse {rF+ Int-1} (You bought it in a shop on level 1 of the Orcish Mines)
 16240 | Orc:1    | Bought a shiny helmet for 112 gold pieces
 16338 | Orc:1    | Noticed Blork the orc
 16340 | Orc:1    | Killed Blork the orc
 16454 | Orc:3    | Found a bloodstained altar of Trog.
 16651 | Orc:3    | Found a staircase to the Elven Halls.
 17232 | Orc:4    | Entered Level 4 of the Orcish Mines
 18052 | Orc:4    | Noticed an orc warlord
 18072 | Orc:4    | Slain by an orc warrior

Action                   |  1- 3 |  4- 6 |  7- 9 | 10-12 | 13-15 || total
-------------------------+-------+-------+-------+-------+-------++-------
Melee: Hand axe          |    55 |   116 |       |       |       ||   171
       Mace              |       |       |   229 |       |       ||   229
       Flail             |       |       |    27 |   669 |   121 ||   817
 Cast: Sandblast         |    62 |   109 |   104 |   242 |    22 ||   539
       Stoneskin         |       |     7 |     4 |    14 |     5 ||    30
       Stone Arrow       |       |     4 |    13 |    56 |    35 ||   108
       Lee's Rapid Decon |       |       |       |    70 |    19 ||    89
       Petrify           |       |       |       |     6 |     4 ||    10
Invok: Minor Destruction |       |       |       |     1 |     4 ||     5
       Lesser Servant of |       |       |       |       |    10 ||    10
       Major Destruction |       |       |       |       |     2 ||     2
       Greater Servant o |       |       |       |       |     2 ||     2
Evoke: Wand              |       |     3 |     3 |    30 |     6 ||    42
       Phial of floods   |       |       |       |     1 |       ||     1
  Use: Potion            |       |     7 |       |    11 |       ||    18
       Scroll            |       |     5 |     4 |    12 |       ||    21
 Stab: Sleeping          |     3 |     1 |     2 |     6 |       ||    12
       Distracted        |       |       |     1 |       |       ||     1
  Eat: Chunk             |     3 |     9 |     6 |    47 |    15 ||    80
       Bread ration      |       |       |     2 |     1 |     1 ||     4
       Fruit             |       |       |       |     3 |       ||     3
       Pizza             |       |       |       |     4 |       ||     4
       Meat ration       |       |       |       |     1 |       ||     1
